 Dungeon Crawl Stone Soup version 0.25-a0-842-g81a31cfd23 (webtiles) character file.

Game seed: 16516820985634558666, levelgen mode: deterministic

1061 kae the Cleaver (level 8, -8/73 HPs)
             Began as a Hill Orc Fighter on Apr 24, 2020.
             Was an Initiate of Qazlal.
             Mangled by an ogre
             ... wielding a +0 giant club
              (17 damage)
             ... on level 5 of the Dungeon.
             The game lasted 00:04:02 (4719 turns).

kae the Cleaver (Hill Orc Fighter)                  Turns: 4719, Time: 00:04:02

Health: -8/73      AC:  7    Str: 21    XL:     8   Next: 27%
Magic:  10/10      EV:  7    Int:  8    God:    Qazlal [......]
Gold:   213        SH:  9    Dex: 10    Spells: 7/7 levels left

rFire    + . .     SeeInvis .   i - +0 hand axe (flame)
rCold    . . .     Gourm    .   c - +0 kite shield
rNeg     + . .     Faith    .   b - +1 scale mail
rPois    .         Spirit   .   (no helmet)
rElec    .         Reflect  .   (no cloak)
rCorr    .         Harm     .   (no gloves)
MR       .....                  (no boots)
Stlth    ..........             (no amulet)
HPRegen  0.22/turn              q - ring of protection from fire
MPRegen  0.12/turn              k - ring of positive energy

@: no status effects
A: no striking features
a: Renounce Religion


You were on level 5 of the Dungeon.
You worshipped Qazlal.
Qazlal was noncommittal.
You were hungry.

You visited 2 branches of the dungeon, and saw 6 of its levels.

You collected 213 gold pieces.

Inventory:

Hand Weapons
 a - a +0 war axe
 i - a +0 hand axe of flaming (weapon)
Armour
 b - a +1 scale mail (worn)
 c - a +0 kite shield (worn)
Jewellery
 k - a ring of positive energy (right hand)
 q - a ring of protection from fire (left hand)
Wands
 g - a wand of flame (14)
Scrolls
 e - 2 scrolls of blinking
 h - a scroll of teleportation
 j - 2 scrolls of remove curse
 s - a scroll of identify
Potions
 d - 2 potions of might
 l - a potion of brilliance
 n - a potion of mutation
 t - a potion of lignification
Comestibles
 f - 11 rations


   Skills:
 + Level 7.1 Fighting
 * Level 10.0 Axes
 - Level 3.2 Armour
 - Level 3.2 Shields
 + Level 3.3 Invocations


You had 7 spell levels left.
You didn't know any spells.
Your spell library was empty.

Dungeon Overview and Level Annotations

Branches:
Dungeon (5/15)             Temple (1/1) D:4

Altars:
Cheibriados
Fedhas
Gozag
Hepliaklqana
Makhleb
Okawaru
Qazlal
Trog
Uskayaw
Vehumet
Wu Jian
Yredelemnul
Zin
The Shining One

Annotations:
D:5 1 runed translucent door


Message History

* * * LOW HITPOINT WARNING * * *
A leopard gecko comes into view.
You hit the ogre. You burn the ogre.
The ogre is lightly wounded.
The ogre hits you with a +0 giant club!
* * * LOW HITPOINT WARNING * * *
You hit the ogre. You burn the ogre.
The ogre is moderately wounded.
You closely miss the ogre.
The ogre is moderately wounded.
You block the ogre's attack.
You hit the ogre. You burn the ogre.
The ogre is heavily wounded.
You block the ogre's attack.
You hit the ogre. You burn the ogre.
The ogre is severely wounded.
You closely miss the ogre.
The ogre is severely wounded.
The ogre hits you with a +0 giant club!
You die...

...####<#...##.####
...............####
...#####)#####...##
.. #..## #....? #.
##..# ###.## #.
##.# #.# #l #<# #.#
#O### #.# #.##
#.@.# #.# #..#
###.##. #.# ##..
#.##.# #.# #.#
#.##.. #.######.#
#.###.##..#.....#
#..##.......#####
##.##....?..# ##
#..........####.
####.##...........


You could see an ogre and a leopard gecko.

Vanquished Creatures
  Edmund (D:5)
  An ice beast (D:5)
  A phantom (D:4)
  3 ogres
  2 orc wizards
  An orc priest (D:3)
  Terence (D:2)
  Ijyb (D:5)
  6 worker ants
  Robin (D:2)
  6 adders
  A howler monkey skeleton (D:3)
  A shadow imp (D:5)
  4 oozes
  3 worms
  3 dart slugs
  2 leopard geckos
  14 orcs
  2 ball pythons
  7 giant cockroaches
  16 goblins
  6 hobgoblins
  4 jackals (D:2)
  7 kobolds
  6 bats
  5 frilled lizards
  11 rats
116 creatures vanquished.

Vanquished Creatures (others)
  An orc wizard (D:3)
1 creature vanquished.

Grand Total: 117 creatures vanquished

Notes
Turn   | Place    | Note
-------+----------+-------------------------------------------
     0 | D:1      | kae the Hill Orc Fighter began the quest for the Orb.
     0 | D:1      | Reached XP level 1. HP: 19/19 MP: 1/1
    20 | D:1      | Reached skill level 3 in Axes
   138 | D:1      | Reached XP level 2. HP: 27/27 MP: 2/2
   345 | D:1      | Reached skill level 4 in Axes
   345 | D:1      | Reached XP level 3. HP: 30/33 MP: 3/3
  1044 | D:2      | Found a hide-covered altar of Uskayaw.
  1044 | D:2      | Noticed a +0 dagger
  1047 | D:2      | Noticed a +0 dagger
  1055 | D:2      | Noticed Terence
  1072 | D:2      | Killed Terence
  1072 | D:2      | Reached skill level 5 in Axes
  1072 | D:2      | Reached XP level 4. HP: 16/41 MP: 4/4
  1283 | D:2      | Found a glowing golden altar of the Shining One.
  1300 | D:2      | Noticed Robin
  1323 | D:2      | Killed Robin
  1323 | D:2      | Reached XP level 5. HP: 30/47 MP: 5/5
  1579 | D:2      | Found an ornate altar of the Wu Jian Council.
  1702 | D:3      | Reached skill level 6 in Axes
  1724 | D:3      | Reached skill level 5 in Fighting
  1956 | D:3      | Reached XP level 6. HP: 26/56 MP: 6/6
  2266 | D:3      | Found a hazy altar of Hepliaklqana.
  2360 | D:3      | Reached skill level 7 in Axes
  2670 | D:4      | Noticed a phantom
  2693 | D:4      | Killed a phantom
  2775 | D:4      | Reached skill level 8 in Axes
  2775 | D:4      | Reached XP level 7. HP: 19/63 MP: 7/7
  3387 | D:4      | Found a staircase to the Ecumenical Temple.
  3396 | Temple   | Entered the Ecumenical Temple
  3468 | Temple   | Became a worshipper of Qazlal Stormbringer
  3555 | D:4      | Found a burning altar of Makhleb.
  3891 | D:5      | Entered Level 5 of the Dungeon
  3891 | D:5      | Noticed Edmund
  3906 | D:5      | Killed Edmund
  3906 | D:5      | Reached skill level 9 in Axes
  3906 | D:5      | Reached skill level 1 in Invocations
  4052 | D:5      | Noticed Ijyb
  4069 | D:5      | Reached XP level 8. HP: 13/71 MP: 9/9
  4076 | D:5      | HP: 4/106 [Ijyb/puff of flame (10)]
  4080 | D:5      | Killed Ijyb
  4485 | D:5      | Found a glowing golden altar of the Shining One.
  4485 | D:5      | Found a runed translucent door.
  4485 | D:5      | Noticed an angel
  4710 | D:5      | Reached skill level 10 in Axes
  4719 | D:5      | Mangled by an ogre

Levels and vault maps discovered:
D:1:      shiori_shiawase, layout_basic, minmay_box_of_dots
D:2:      layout_rooms, old_standard_altar, dancing_weapons_uskayaw,
          nicolae_overflow_crystal_walls, first_ration, uniq_terence, uniq_robin
D:3:      wander_river, layout_loops_ring, lemuel_round_altar,
          nicolae_underground_beach
D:4:      layout_basic, lemuel_round_altar, temple_hall
D:5:      layout_rooms, lemuel_angel_altar, uniq_edmund,
          uniq_crazy_yiuf_cottage, uniq_ijyb
Temple:   dpeg_three_leaves_temple

Skill      XL: |  1  2  3  4  5  6  7  8 |
---------------+-------------------------+-----
Axes           | 3 4 5 6 8 9 10 | 10.0
Fighting       | 4 5 6 7 |  7.1
Invocations    | 2 3 |  3.3
Armour         | |  3.2
Shields        | |  3.2

Action                   |  1- 3 |  4- 6 |  7- 9 || total
-------------------------+-------+-------+-------++-------
Melee: War axe           |   101 |       |       ||   101
       Hand axe          |       |   162 |   118 ||   280
  Use: Scroll            |     2 |     5 |     2 ||     9
       Potion            |       |       |     3 ||     3
  Eat: Chunk             |     1 |     5 |     6 ||    12
Armor: Scale mail        |    39 |    53 |    13 ||   105
       Skin              |       |       |    33 ||    33
Dodge: Dodged            |    27 |    42 |    28 ||    97
Block: Kite shield       |    61 |    79 |    55 ||   195

Table legend:
 A = Non-vault XP
 B = Vault XP
 C = Vault XP percentage of total XP
 D = Non-vault monster count
 E = Vault monster count
 F = Vault count percentage of total count
                 A         B        C        D         E       F
            +---------+---------+-------+---------+---------+-------
      Total |    1232 |     284 |  18.7 |      98 |      19 |  16.2
            +---------+---------+-------+---------+---------+-------
        D:1 |      29 |      10 |  25.6 |      17 |       3 |  15.0
        D:2 |      64 |      73 |  53.3 |      26 |      14 |  35.0
        D:3 |     193 |       0 |   0.0 |      27 |       0 |   0.0
        D:4 |     472 |       0 |   0.0 |      13 |       0 |   0.0
        D:5 |     474 |     201 |  29.8 |      15 |       2 |  11.8
            +---------+---------+-------+---------+---------+-------
